 Dungeon Crawl Stone Soup version 0.18.1-48-g4cf74bf (webtiles) character file.

179 Implojin the Chopper (level 5, -3/45 HPs)
             Began as a Minotaur Fighter on June 29, 2016.
             Slain by an iguana (10 damage)
             ... on level 5 of the Dungeon.
             The game lasted 00:03:03 (503 turns).

Implojin the Chopper (Minotaur Fighter)              Turns: 503, Time: 00:03:04

Health: -3/45      AC:  6    Str: 21    XL:     5   Next: 32%
Magic:  4/4        EV:  7    Int:  5    God:
Gold:   24         SH:  9    Dex: 10    Spells: 0 memorised, 4 levels left

rFire  . . .     SeeInvis .     a - +0 war axe
rCold  . . .     Gourm    .     b - +0 scale mail
rNeg   . . .     Faith    .     c - +0 shield
rPois  .         Spirit   .     (helmet restricted)
rElec  .         Dismiss  .     (no cloak)
rCorr  .         Reflect  .     (no gloves)
SustAt .         Harm     .     (no boots)
MR     .....                    (no amulet)
Stlth  ..........               (no ring)
                                (no ring)

@: very slightly contaminated, hasted, very quick, not resistant to hostile
enchantments, extremely unstealthy
A: retaliatory headbutt, claws 1, horns 2
a: no special abilities


You were on level 5 of the Dungeon.
You were not hungry.

You visited 1 branch of the dungeon, and saw 6 of its levels.

You collected 24 gold pieces.

Inventory:

Hand Weapons
 a - a +0 war axe (weapon)
Armour
 b - a +0 scale mail (worn)
 c - a +0 shield (worn)
Jewellery
 j - an uncursed ring of wizardry {unknown}
Wands
 n - a wand of iceblast (8/15)
 o - a wand of lightning (8/15)
Scrolls
 h - 2 scrolls of teleportation {unknown}
 k - a scroll of amnesia {unknown}
 l - 2 scrolls of identify {unknown}
Potions
 i - a potion of beneficial mutation
Comestibles
 f - a bread ration
 g - a meat ration
 m - a slice of pizza


   Skills:
 - Level 3.6 Fighting
 * Level 6.8 Axes
 - Level 3.6 Armour
 - Level 3.6 Shields


You had 4 spell levels left.
You didn't know any spells.

Dungeon Overview and Level Annotations

Branches:
Dungeon (6/15)
 Temple: D:4-7

Altars:
Dithmenos
Nemelex Xobeh
Xom

Shops:
D:5 (

Annotations:
D:5 Jessica


Innate Abilities, Weirdness & Mutations

You reflexively headbutt those who attack you in melee.
You have a pair of horns on your head.
You have sharp fingernails.


Message History

You block Jessica's attack. Jessica hits you but does no damage.
You are very lightly contaminated with residual magic.
You barely miss Jessica.
Jessica looks very angry.
Jessica hits you but does no damage.
Unknown command.
The quokka zombie barely misses you.
Jessica mumbles some strange words.
Jessica blinks!
The quokka zombie bites you but does no damage.
You slash the quokka zombie!
You destroy the quokka zombie!
You hit the iguana.
The iguana is moderately wounded.
You barely miss the iguana.
The iguana is moderately wounded.
The iguana bites you!
* * * LOW HITPOINT WARNING * * *
Jessica mumbles some strange words.
Jessica blinks!
Your scale mail prevents you from hitting the iguana.
The iguana is moderately wounded.
You block the iguana's attack.
You closely miss the iguana.
You headbutt the iguana, but do no damage.
The iguana is moderately wounded.
The iguana misses you.
Your shield and scale mail prevent you from hitting the iguana.
The iguana is moderately wounded.
Jessica gestures wildly while chanting.
Jessica blinks!
The iguana closely misses you.
You barely miss the iguana.
The iguana is moderately wounded.
The iguana barely misses you.
Jessica casts a spell.
Jessica blinks!
You barely miss the iguana.
The iguana is moderately wounded.
The iguana bites you!
You die...

.#..##.._..##..#.....#...
.##..##...##..##ยง.......
......##.##...'..####.###
.......###....#..##.....##
.............>#..#.......#
.#######.+######.#.......#
. #... ##....._.... ......
#.l#.......#
.........#.@#.......#
...........#..##.....##
............#..# ##.###
............#... ...
###..# ##... .... .##..##
#### .. ......# ......+
......#


You could see an iguana.

Vanquished Creatures
  An orc priest (D:3)
  2 orc wizards (D:5)
  A worker ant (D:4)
  A hound skeleton (D:4)
  A gnoll (D:1)
  2 adders
  A worm (D:3)
  A dart slug (D:1)
  4 orcs
  3 bats
  A giant cockroach (D:4)
  2 goblins
  3 hobgoblins (D:1)
  3 giant newts
  2 kobolds
  A quokka zombie (D:5)
  2 rats (D:1)
31 creatures vanquished.

Notes
Turn   | Place    | Note
--------------------------------------------------------------
     0 | D:1      | Implojin the Minotaur Fighter began the quest for the Orb.
     0 | D:1      | Reached XP level 1. HP: 19/19 MP: 0/0
    45 | D:1      | Reached skill level 3 in Axes
    87 | D:1      | Reached XP level 2. HP: 26/26 MP: 1/1
   137 | D:2      | Reached skill level 4 in Axes
   192 | D:2      | Reached XP level 3. HP: 28/31 MP: 2/2
   243 | D:3      | Found a shimmering altar of Xom.
   255 | D:3      | Reached skill level 5 in Axes
   255 | D:3      | Reached XP level 4. HP: 12/39 MP: 3/3
   337 | D:5      | Entered Level 5 of the Dungeon
   341 | D:5      | Found Biruz's Weapon Shoppe.
   346 | D:5      | Reached skill level 6 in Axes
   348 | D:5      | Reached XP level 5. HP: 13/45 MP: 4/4
   419 | D:5      | Found a shadowy altar of Dithmenos.
   475 | D:5      | Found a sparkling altar of Nemelex Xobeh.
   475 | D:5      | Noticed Jessica
   479 | D:5      | Gained mutation: You have sharp fingernails. [potion of beneficial mutation]
   503 | D:5      | Slain by an iguana

Skill      XL: |  1  2  3  4 |
---------------+-------------+-----
Axes           | 3 4 5 6 |  6.8
Fighting       | |  3.6
Armour         | |  3.6
Shields        | |  3.6

Action                   |  1- 3 |  4- 6 || total
-------------------------+-------+-------++-------
Melee: War axe           |    37 |    35 ||    72
       Headbutt          |     6 |     7 ||    13
  Use: Potion            |     1 |     4 ||     5
Armor: Scale mail        |    23 |    13 ||    36
Dodge: Dodged            |    12 |    10 ||    22
Block: Shield            |    23 |    13 ||    36

Table legend:
 A = Turns spent in this place as a percentage of turns spent in the entire game.
 B = Non-inter-level travel turns spent in this place as a percentage of non-inter-level travel turns spent in the entire game.
 C = Inter-level travel turns spent in this place as a percentage of turns spent in this place.
 D = Turns resting spent in this place as a percentage of non-inter-level travel turns spent in this place.
 E = Turns spent auto-exploring this place as a percentage of non-inter-level travel turns spent in this place.
 F = Non-inter-level travel turns spent in this place divided by the number of levels of this place that you've seen.
                   A       B       C       D       E      F
               +-------+-------+-------+-------+-------+----------------------
         Total | 100.0 | 100.0 |   0.0 |   0.0 |   0.0 |  86.7
       Dungeon | 100.0 | 100.0 |   0.0 |   0.0 |   0.0 |  86.7
               +-------+-------+-------+-------+-------+----------------------

Table legend:
 A = Kills in this place as a percentage of kills in entire the game.
 B = Kills by you in this place as a percentage of kills by you in the entire game.
 C = Kills by friends in this place as a percentage of kills by friends in the entire game.
 D = Other kills in this place as a percentage of other kills in the entire game.
 E = Experience gained in this place as a percentage of experience gained in the entire game.
 F = Experience gained in this place divided by the number of levels of this place that you have seen.
                   A       B       C       D       E      F
               +-------+-------+-------+-------+-------+----------------------
         Total | 100.0 | 100.0 |  -nan |  -nan | 100.0 |  42.7
       Dungeon | 100.0 | 100.0 |  -nan |  -nan | 100.0 |  42.7
               +-------+-------+-------+-------+-------+----------------------
